 Dungeon Crawl Stone Soup version 0.31.0-9-g3a7656b989 (webtiles) character file.

Game seed: 17231426246314130358

230 qw the Shooter (level 5, 0/26 HPs)
             Began as a Spriggan Hunter on Feb 2, 2024.
             Succumbed to a scorpion's poison
             ... on level 4 of the Dungeon.
             The game lasted 00:00:06 (2062 turns).

qw the Shooter (Spriggan Hunter)                    Turns: 2062, Time: 00:00:07

Health: 0/26       AC:  2    Str:  7    XL:     5   Next: 72%
Magic:  6/6        EV: 20    Int: 11    God:
Gold:   134        SH:  0    Dex: 20    Spells: 4/4 levels left

rFire   . . .        a - +3 shortbow
rCold   . . .        (shield currently unavailable)
rNeg    . . .        c - +0 robe
rPois   .            (helmet restricted)
rElec   .            (no cloak)
rCorr   .            (gloves unavailable)
SInv    +            (boots unavailable)
Will    .....        b - amulet of faith
Stlth   ++           (no ring)
HPRegen 0.24/turn    (no ring)
MPRegen 0.10/turn

%: faith
@: lethally poisoned (0 -> -9), very quick
A: very small, no large weapons, unfitting armour, see invisible, speed 3
a: no special abilities


You were on level 4 of the Dungeon.
You visited 1 branch of the dungeon, and saw 4 of its levels.

You collected 134 gold pieces.


Innate Abilities, Weirdness & Mutations

You are very small and have problems with some larger weapons.
You are too small for most types of armour.
You have supernaturally acute eyesight. (SInv)
You cover ground extremely quickly. (Speed+++)


   Skills:
 - Level 2.1 Fighting
 - Level 6.0 Ranged Weapons
 + Level 5.0 Dodging
 - Level 1.5 Stealth


You had 4 spell levels left.
You didn't know any spells.
Your spell library was empty.

Inventory:

Hand Weapons
 a - a +3 shortbow (weapon)
Armour
 c - a +0 robe (worn)
Jewellery
 b - an amulet of faith (around neck)
Potions
 d - a potion of might
 e - 2 potions of enlightenment
 f - a potion of haste
 h - a potion of attraction {unknown}
 i - a potion of magic {unknown}
 j - a potion of mutation {unknown}

Dungeon Overview and Level Annotations

Branches:
Dungeon (4/15)
 Temple: D:4-7

Altars:

Shops:
D:2 =


Message History

A hound and a scorpion come into view.
Found an escape hatch in the floor.
Found a stone staircase leading up.
You shoot an arrow. The arrow hits the hound.
The hound barks!
The hound is heavily wounded.
You shoot an arrow. The arrow hits the hound.
The hound is severely wounded.
You shoot an arrow.
The arrow hits the scorpion but does no damage.
The hound closely misses you.
You shoot an arrow. The arrow barely misses the hound.
The hound barely misses you. The hound misses you.
You shoot an arrow. The arrow hits the hound!
You kill the hound!
You shoot an arrow. The arrow hits the scorpion.
The scorpion is moderately wounded.
The scorpion stings you.
You shoot an arrow. The arrow barely misses the scorpion.
The scorpion completely misses you.
You shoot an arrow. The arrow hits the scorpion!
The scorpion is severely wounded.
The scorpion stings you. x2
You are poisoned.
The scorpion poisons you!
You shoot an arrow. The arrow hits the scorpion.
The scorpion is severely wounded.
You feel very sick. The scorpion stings you.
You are lethally poisoned!
The scorpion poisons you!
You shoot an arrow. The arrow hits the scorpion!
You kill the scorpion!
You feel very sick.
Your Ranged Weapons skill increases to level 6!
There is a lethal amount of poison in your body!
You feel very sick.
There is a lethal amount of poison in your body!
You feel sick.
There is a lethal amount of poison in your body!
You die...

.... .... ....
....... ...$.
....... .......
..... . .......
#..< ..
.?..###.#####
.####...%...>..
...#.#@#.#
#.#.#.%.#
#####...##..#
.....#..##..######
#..............
###..<........#
#...........#
#####.......#
#.......#


There were no monsters in sight!

Vanquished Creatures
  A scorpion (D:4)
  A hound (D:4)
  Natasha (twice) (D:3)
  4 adders (D:3)
  2 dart slugs
  4 orcs (D:3)
  4 ball pythons
  3 bats
  6 endoplasms
  3 giant cockroaches
  7 goblins
  5 hobgoblins
  3 quokkas (D:1)
  4 frilled lizards
  2 kobolds
  6 rats
57 creatures vanquished.

Notes
Turn   | Place    | Note
-------+----------+-------------------------------------------
     0 | D:1      | qw the Spriggan Hunter began the quest for the Orb.
     0 | D:1      | Reached XP level 1. HP: 10/10 MP: 2/2
     0 | D:1      | 0 ||| qw: Version: 0.3-a-155-g5e7d8dd
     0 | D:1      | 0 ||| qw: Game counter: 756
     0 | D:1      | 0 ||| qw: Melee chars always use a shield: true
     0 | D:1      | 0 ||| qw: God list: Okawaru
     0 | D:1      | 0 ||| qw: Allow faded altars: false
     0 | D:1      | 0 ||| qw: Do Orc after clearing Dungeon:15 true
     0 | D:1      | 0 ||| qw: Do second Lair branch before Depths: true
     0 | D:1      | 0 ||| qw: Lair rune preference: random
     0 | D:1      | 0 ||| qw: Goals: Normal
     0 | D:1      | 0 ||| PLANNING D:1-11
    18 | D:1      | Reached skill level 3 in Dodging
    68 | D:1      | Reached XP level 2. HP: 14/14 MP: 3/3
   350 | D:1      | Reached XP level 3. HP: 18/18 MP: 4/4
   465 | D:1      | 465 ||| READING scroll labelled QAURGH RISOAGI.
   465 | D:1      | 465 ||| ENCHANTING +0 shortbow.
   466 | D:1      | 466 ||| READING scroll labelled BUYMNYNIMA.
   467 | D:1      | 467 ||| READING scroll labelled GEXTOSEUTT.
   467 | D:1      | 467 ||| IDENTIFYING red potion
   468 | D:1      | 468 ||| DRINKING 2 yellow potions.
   469 | D:1      | 469 ||| DROPPING scroll of butterflies.
   586 | D:2      | Found Hiokavie's Jewellery Shop.
   593 | D:2      | 593 ||| SHOPLISTING amulet of Loubrama {Acrobat Rampage
                  | Regen+} (481 gold, have 63).
   593 | D:2      | 593 ||| SHOPLISTING amulet of the Air {Inacc Air Fly rElec
                  | RMsl} (488 gold, have 63).
   593 | D:2      | 593 ||| SHOPLISTING ring "Luntis" {rCorr Stlth+} (387 gold,
                  | have 63).
   593 | D:2      | 593 ||| SHOPLISTING ring of positive energy (260 gold, have
                  | 63).
   593 | D:2      | 593 ||| SHOPLISTING ring of protection from cold (325 gold,
                  | have 63).
   593 | D:2      | 593 ||| SHOPLISTING ring of willpower (325 gold, have 63).
   876 | D:2      | 876 ||| READING scroll of enchant weapon.
   876 | D:2      | 876 ||| ENCHANTING +1 shortbow.
  1253 | D:2      | 1253 ||| READING scroll of identify.
  1253 | D:2      | 1253 ||| IDENTIFYING murky blue potion
  1254 | D:2      | 1254 ||| READING scroll labelled PAPISA BYWOQUI.
  1255 | D:2      | 1255 ||| READING scroll labelled HUCKUCI QAQ.
  1259 | D:2      | 1259 ||| READING scroll labelled DAXUCL BETIEGUQE.
  1360 | D:2      | 1360 ||| DROPPING potion of lignification.
  1515 | D:3      | Reached skill level 5 in Ranged Weapons
  1518 | D:3      | Noticed Natasha
  1522 | D:3      | Killed Natasha
  1523 | D:3      | Reached XP level 4. HP: 19/22 MP: 5/5
  1631 | D:3      | 1631 ||| READING scroll of enchant weapon.
  1631 | D:3      | 1631 ||| ENCHANTING +2 shortbow.
  1758 | D:3      | Found a faded altar of an unknown god.
  1917 | D:3      | Noticed Natasha
  1922 | D:3      | Killed Natasha
  1923 | D:3      | Reached XP level 5. HP: 21/26 MP: 6/6
  1993 | D:3      | 1993 ||| UPGRADING to amulet of faith.
  1998 | D:3      | 1998 ||| READING scroll of identify.
  1998 | D:3      | 1998 ||| IDENTIFYING fuming silvery potion
  1999 | D:3      | 1999 ||| READING scroll labelled SYEC TUQ GAK.
  2059 | D:4      | HP: 6/26 [poisoned by a scorpion]
  2060 | D:4      | Reached skill level 6 in Ranged Weapons
  2061 | D:4      | HP: 1/26 [poisoned by a scorpion]
  2062 | D:4      | Succumbed to a scorpion's poison

Levels and vault maps discovered:
D:1:      lightli_iron_boxes, layout_rooms
D:2:      layout_basic, serial_shops, shop
D:3:      layout_loops_ring, basic_ecumenical_altar, minmay_stone_trees_small,
          uniq_natasha
D:4:      layout_rooms, minmay_temple_entry_sparse_star, uniq_edmund

Skill      XL: |  1  2  3  4  5 |
---------------+----------------+-----
Dodging        | 3 4 5 |  5.0
Ranged Weapons | 5 6 |  6.0
Fighting       | 2 |  2.1
Stealth        | |  1.5

Action                     |  1- 3 |  4- 6 || total
---------------------------+-------+-------++-------
   Fire: Shortbow          |   106 |    30 ||   136
    Use: Scroll            |     8 |     3 ||    11
         Potion            |     1 |       ||     1
 Armour: Robe              |     5 |     5 ||    10
  Dodge: Dodged            |    10 |     5 ||    15

Table legend:
 A = Non-vault XP
 B = Vault XP
 C = Vault XP percentage of total XP
 D = Non-vault monster count
 E = Vault monster count
 F = Vault count percentage of total count
                 A         B        C        D         E       F
            +---------+---------+-------+---------+---------+-------
      Total |     293 |      36 |  10.9 |      56 |       1 |   1.8
            +---------+---------+-------+---------+---------+-------
        D:1 |      50 |       0 |   0.0 |      29 |       0 |   0.0
        D:2 |      18 |       0 |   0.0 |      10 |       0 |   0.0
        D:3 |     110 |      36 |  24.7 |      15 |       1 |   6.2
        D:4 |     115 |       0 |   0.0 |       2 |       0 |   0.0
            +---------+---------+-------+---------+---------+-------
